cohdb
Replays
Latest Replays
All Replays
Popular Replays
Top Player Replays
Match Explorer
How It Works
Community
CoH3 Stats
Reddit
Sign in to upload your games and track your stats! →
Sign in with Steam
Match 42511819
Unlisted
Match 42511819
Overview
Messages
Build Orders
End
Construct Barracks
Riflemen Squad
Riflemen Squad
Riflemen Squad
Grenade Package
Selects Special Operations Battlegroup
Selects M29 Weasel Recon Vehicle
Riflemen Squad
Construct Medical Station
M29 Weasel Recon Vehicle
Infantry Support Center
Construct Motor Pool
M1918 Browning Automatic Rifles
Selects P-47 Anti-Infantry Loiter
M1 Anti-tank Gun Team
P-47 Anti-Infantry Loiter
Selects M4A1 Sherman Whizbang
M4A1 Sherman Whizbang
Engineer Squad
M4A1 Sherman Whizbang
P-47 Anti-Infantry Loiter
Selects Smoke Screen
Selects SSF Commando Squad
SSF Commando Squad
Riflemen Squad
Scout Squad
P-47 Anti-Infantry Loiter
Smoke Screen
M4A1 Sherman Whizbang
TossarN
Albatross
Mustache and Melons
TLS'Waifu
0
0
Comments
sign in to comment!
No comments posted yet!